 Dungeon Crawl Stone Soup version 0.16-a0-623-g20b2139 (webtiles) character file.

70 HungrySpirit the Chopper (level 4, 0/39 HPs)
             Began as a Minotaur Fighter on Sept 18, 2014.
             Succumbed to poison (a potion of poison)
             ... on Level 3 of the Dungeon.
             The game lasted 00:03:21 (1788 turns).

HungrySpirit the Chopper (Minotaur Fighter)         Turns: 1788, Time: 00:03:22

HP   0/39        AC  6     Str 22      XL: 4   Next:  4%
MP   2/2         EV  9     Int  5      God:
Gold 81          SH 10     Dex 14      Spells:  0 memorised,  3 levels left

rFire  . . .     SeeInvis .     a - +0 war axe
rCold  . . .     Clarity  .     b - +0 scale mail
rNeg   + . .     rCorr    .     c - +0 shield
rPois  .         rRot     .     (helmet restricted)
rElec  .         Spirit   .     (no cloak)
SustAb .         Warding  +     (no gloves)
rMut   .         Stasis   .     (no boots)
Gourm  .                        q - amulet of warding
MR     .....                    p - +5 ring of dexterity
                                n - +3 ring of evasion

@: lethally poisoned, very slightly contaminated, slowed, invisible, very slow,
not resistant to hostile enchantments, extremely unstealthy
A: retaliatory headbutt, horns 2
a: no special abilities


You were on level 3 of the Dungeon.
You were not hungry.

You visited 1 branch of the dungeon, and saw 3 of its levels.

You collected 81 gold pieces.

Inventory:

Hand weapons
 a - a +0 war axe (weapon)
Armour
 b - a +0 scale mail (worn)
 c - a +0 shield (worn)
Magical devices
 o - a wand of slowing (14) {unknown}
Comestibles
 d - 5 bread rations
 u - a beef jerky
 w - 3 rotting chunks of orc flesh
Scrolls
 f - a scroll of noise {unknown}
 g - a scroll of teleportation {unknown}
 h - 3 scrolls of identify {unknown}
 j - a scroll of enchant armour {unknown}
 k - a scroll of magic mapping {unknown}
 l - 3 scrolls of immolation {unknown}
Jewellery
 i - an uncursed ring of fire
 n - a +3 ring of evasion (left hand)
 p - a +5 ring of dexterity (right hand)
 q - an amulet of warding (around neck)
Potions
 e - a potion of might
 m - a potion of curing {unknown}
 r - a potion of haste {unknown}


   Skills:
 - Level 3.6 Fighting
 * Level 5.2 Axes
 - Level 3.6 Armour
 - Level 3.7 Shields


You had 3 spell levels left.
You didn't know any spells.

Dungeon Overview and Level Annotations

Branches:
Dungeon (3/15)

Altars:


Innate Abilities, Weirdness & Mutations

You reflexively headbutt those who attack you in melee.
You have a pair of horns on your head.


Message History

Unknown command.
Unknown command.
Drink which item? (? for menu, Esc to quit)
You fade into invisibility!
It was a potion of invisibility.
The orc wizard gestures at you while chanting.
The puff of frost hits you!
The orc wizard points at you and mumbles some strange words.
The magic dart hits you!
* * * LOW HITPOINT WARNING * * *
The orc wizard casts a spell at you. The magic dart hits you!
* * * LOW HITPOINT WARNING * * *
You are very lightly contaminated with residual magic.
Unknown command.
Drink which item? (? for menu, Esc to quit)
That liquid tasted very nasty...
You are lethally poisoned!
It was a potion of poison.
You die...

.......#
........#
.........#
..........####
.............###
#..............#
#...>....?.....#
#.......<%..#
#.......@o###
##......o....#
#............#
...<............
..........!.....
.......%......
............
......... !..


You could see 2 orc wizards.

Vanquished Creatures
  3 adders (D:2)
  A worm (D:2)
  A giant gecko (D:1)
  An ooze (D:2)
  3 orcs (D:2)
  2 giant cockroaches (D:1)
  3 goblins (D:1)
  3 hobgoblins (D:1)
  4 jackals
  4 bats
  2 giant newts (D:1)
  5 kobolds (D:1)
  3 rats
35 creatures vanquished.

Notes
Turn   | Place    | Note
--------------------------------------------------------------
     0 | D:1      | HungrySpirit, the Minotaur Fighter, began the quest for the Orb.
     0 | D:1      | Reached XP level 1. HP: 19/19 MP: 1/1
   234 | D:1      | Reached XP level 2. HP: 26/26 MP: 1/1
   913 | D:2      | Reached skill level 4 in Axes
   913 | D:2      | Reached XP level 3. HP: 25/31 MP: 2/2
  1330 | D:2      | Reached skill level 5 in Axes
  1641 | D:2      | Reached XP level 4. HP: 31/39 MP: 2/2
  1787 | D:3      | HP: 1/39 [orc wizard/magic dart (6)]
  1788 | D:3      | Succumbed to poison (a potion of poison)

Action                   |  1- 3 |  4- 6 || total
-------------------------+-------+-------++-------
Melee: War axe           |    67 |     7 ||    74
  Use: Potion            |       |     2 ||     2
  Eat: Chunk             |     2 |     1 ||     3
